Map: Ephemeron LE

Players

Mez

  • Race: Terran Terran
  • League: Master
  • Spawn Location: 5:00

Messiah - Winner!

  • Race: Protoss Protoss
  • League: Master
  • Spawn Location: 11:00

VOD

Have the link to the VOD?

Description

Time

  • Played on: Sept. 3, 2019, 3:23 a.m.
  • Length: 13:30
Show
View Real Time Build Order
Export as new Build Order

Mez Terran 

Build Orders: Reaper Expand 

Get SALT Encoding   

  12  0:00  SCV  
  13  0:13  SCV  
  14  0:17  Supply Depot  
  14  0:25  SCV  
  15  0:39  SCV  
  15  0:41  Barracks  
  16  0:44  Refinery  
  16  0:51  SCV  
  17  1:03  SCV  
  18  1:15  SCV  
  19  1:29  Orbital Command, Reaper  
  20  1:42  Command Center  
  20  1:53  Bunker  
  20  1:57  SCV  
  20  2:00  Supply Depot  
  21  2:03  Marine  
  22  2:09  SCV  
  23  2:21  Barracks Reactor  
  23  2:25  SCV  
  24  2:38  Command Center  
  24  2:42  Factory  
  25  2:51  SCV  
  25  2:56  Orbital Command  
  25  2:58  Marine x2  
  25  3:04  Refinery  
  25  3:05  SCV  
  28  3:16  Marine x2  
  28  3:17  SCV  
  31  3:29  SCV  
  31  3:30  SCV  
  33  3:34  Marine  
  33  3:35  Marine  
  33  3:38  Widow Mine  
  33  3:40  Starport  
  37  3:46  SCV x2  
  39  3:51  Orbital Command  
  39  3:53  Marine x2  
  41  3:58  SCV x2  
  41  4:00  Widow Mine  
  45  4:10  SCV  
  45  4:11  Marine x2, SCV  
  49  4:17  Starport Tech Lab  
  49  4:19  Barracks  
  49  4:21  SCV  
  49  4:23  SCV  
  51  4:24  Refinery  
  51  4:31  SCV  
  51  4:33  Marine x2, SCV  
  51  4:36  Factory Tech Lab  
  51  4:37  Orbital Command, Raven  
  51  4:38  Barracks  
  57  4:42  SCV  
  57  4:43  SCV  
  57  4:45  Supply Depot  
  59  4:57  Marine x2  
  61  5:04  SCV x2  
  61  5:06  Supply Depot  
  61  5:08  Factory Reactor, Engineering Bay x2  
  58  5:16  SCV  
  58  5:17  SCV  
  58  5:20  Supply Depot  
  54  5:22  Barracks x2  
  52  5:32  Stimpack  
  52  5:34  Marauder  
  52  5:35  SCV x3  
  57  5:37  Starport Reactor  
  57  5:38  Marine  
  57  5:39  Marine  
  57  5:41  Marauder  
  61  5:48  SCV x2  
  63  5:51  Refinery  
  63  5:54  SCV  
  63  5:56  Supply Depot x2  
  64  5:57  Supply Depot  
  64  5:59  Combat Shield  
  64  6:00  SCV x2  
  64  6:03  Terran Infantry Armor Level 1, Terran Infantry Weapons Level 1  
  66  6:05  Widow Mine  
  66  6:06  Widow Mine  
  66  6:11  Barracks Tech Lab, Barracks Reactor  
  70  6:12  SCV x3  
  70  6:17  Medivac x2  
  77  6:26  Supply Depot  
  77  6:28  Supply Depot  
  77  6:31  Marine  
  77  6:32  Marauder x3, Marine  
  85  6:33  Widow Mine x2  
  85  6:49  Marine x2  
  85  6:52  SCV x2  
  85  6:53  Marauder x2  
  89  6:54  Medivac  
  89  6:55  Supply Depot  
  89  7:00  SCV  
  89  7:01  Supply Depot, Refinery  
  92  7:02  Refinery  
  92  7:03  Marauder, Marine x2  
  92  7:04  SCV  
  94  7:12  Marine x2  
  94  7:14  Marauder  
  94  7:15  Marauder  
  96  7:21  Marine  
  95  7:25  Marauder  
  95  7:28  Marine  
  95  7:29  Marine x2  
  94  7:31  SCV x3  
  94  7:34  Supply Depot  
  94  7:36  Marauder x2  
  103  7:41  Supply Depot x2  
  103  7:43  SCV x3  
  106  7:44  Widow Mine x2, Medivac  
  106  7:45  Medivac  
  106  7:46  Marauder  
  106  7:50  Ghost Academy, Concussive Shells  
  116  7:52  Armory  
  116  7:55  SCV x3  
  119  8:03  Marauder x2, Marine x4  
  127  8:07  Supply Depot  
  127  8:08  Marauder, SCV x3  
  132  8:14  Widow Mine x2  
  134  8:22  Marine x3  
  134  8:24  Marauder  
  134  8:25  Marauder  
  141  8:34  Marauder  
  141  8:39  Barracks x2  
  141  8:40  Command Center, Barracks  
  141  8:44  Medivac x2  
  141  8:45  Marine x3  
  141  8:46  Marauder x2  
  152  8:53  Starport x2  
  150  9:06  Marauder, Marine x4  
  150  9:07  Marauder x2  
  141  9:36  Marauder x2  
  141  9:37  Marauder, Marine  
  138  9:39  Starport Tech Lab, Starport Reactor  
  124  9:47  Marine  
  124  9:48  Marine  
  124  9:52  Barracks Tech Lab x3  
  126  9:57  Marauder  
  126  9:58  Marauder  
  126  9:59  Marauder  
  132  10:03  Terran Infantry Armor Level 2, Terran Infantry Weapons Level 2  
  132  10:05  Fusion Core  
  132  10:06  Marine x3  
  132  10:07  Marine  
  136  10:18  Ghost x2  
  136  10:19  Ghost x3  
  146  10:21  Viking x3  
  146  10:22  Viking  
  146  10:24  Marine  
  146  10:27  Viking  
  157  10:32  Refinery  
  157  10:35  Refinery  
  157  10:36  Planetary Fortress  
  157  10:47  Ghost  
  156  10:58  Marauder  
  156  10:59  Marauder x4, Marine x4  
  170  11:12  Command Center  
  170  11:13  Missile Turret  
  170  11:15  Missile Turret x2  
  170  11:20  Missile Turret  
  170  11:25  Viking  
  170  11:26  Viking x4  
  175  11:41  Marauder x2, Liberator, Marine  
  175  11:44  Marauder  
  175  11:45  Marauder  
  176  11:47  Liberator  
  176  11:48  Liberator  
  176  11:49  Liberator  
  176  11:50  Enhanced Shockwaves  
  152  12:16  Marauder x2  
  152  12:18  Marauder, Marine  
  152  12:19  Marauder x3, Marine x2  
  155  12:26  Liberator x2  
  135  12:31  Marine  
  130  12:37  Marauder x2  
  130  12:38  Marine x3  
  130  12:39  Marine x2  
  130  12:40  Marine  
  121  12:56  Marauder, Marine x4  
  121  12:57  Marine x2  
  121  12:58  Marauder x2, Marine  
Show
View Real Time Build Order
Export as new Build Order

Messiah Protoss - Winner!

Build Orders: 1 Gate Expand, Double Forge, Blink Stalkers 

Get SALT Encoding   

  12  0:01  Probe  
  13  0:13  Probe  
  14  0:19  Pylon  
  14  0:25  Probe  
  15  0:34  Probe  
  15  0:38  Gateway  
  16  0:43  Probe  
  16  0:48  Assimilator  
  17  0:52  Probe  
  19  1:04  Probe  
  19  1:25  Nexus  
  19  1:31  Cybernetics Core  
  19  1:35  Probe  
  20  1:43  Assimilator  
  20  1:47  Probe  
  20  1:50  Pylon  
  21  1:58  Adept  
  21  1:59  Probe  
  24  2:09  Warp Gate  
  24  2:11  Probe  
  25  2:21  Twilight Council  
  25  2:23  Probe  
  26  2:34  Probe  
  26  2:36  Stalker  
  28  2:37  Probe  
  28  2:42  Probe  
  29  2:45  Probe  
  29  2:50  Probe  
  31  2:54  Probe  
  31  2:55  Blink  
  33  3:02  Probe  
  34  3:06  Probe  
  34  3:11  Stalker  
  37  3:14  Probe  
  37  3:18  Probe  
  39  3:26  Probe  
  40  3:30  Probe  
  40  3:31  Gateway  
  40  3:32  Gateway  
  41  3:36  Pylon  
  41  3:38  Probe  
  42  3:44  Probe  
  43  3:50  Probe  
  44  3:56  Probe  
  44  3:59  Nexus  
  45  4:06  Pylon  
  45  4:17  Probe, Stalker  
  46  4:20  Forge  
  46  4:22  Forge  
  48  4:25  Protoss Ground Weapons Level 1  
  48  4:27  Probe  
  48  4:29  Protoss Ground Armor Level 1, Probe, Stalker x2  
  54  4:39  Probe  
  54  4:42  Assimilator, Stalker  
  54  4:43  Assimilator  
  54  4:44  Pylon  
  57  4:47  Probe  
  57  4:52  Probe  
  59  4:58  Pylon  
  59  4:59  Probe  
  60  5:04  Probe  
  61  5:11  Probe  
  58  5:28  Stalker x3  
  52  5:29  Probe  
  52  5:31  Probe  
  52  5:34  Probe  
  52  5:35  Charge  
  59  5:40  Gateway x2  
  59  5:41  Gateway  
  59  5:47  Gateway, Probe  
  59  5:48  Probe  
  59  5:49  Gateway  
  61  5:54  Probe  
  61  5:55  Robotics Facility  
  61  5:56  Stalker  
  64  5:57  Stalker  
  64  5:59  Stalker  
  68  6:05  Probe  
  68  6:09  Pylon  
  68  6:11  Probe  
  70  6:12  Probe  
  70  6:17  Probe  
  72  6:19  Pylon  
  72  6:23  Probe  
  72  6:25  Probe  
  74  6:32  Stalker x2  
  77  6:34  Probe  
  78  6:52  Stalker x2  
  78  6:53  Stalker  
  84  6:55  Zealot x4  
  84  6:57  Observer  
  84  7:00  Probe x2  
  84  7:01  Probe  
  92  7:17  Protoss Ground Armor Level 2, Protoss Ground Weapons Level 2  
  82  7:31  Stalker x3  
  82  7:33  Zealot x4  
  82  7:35  Immortal  
  100  7:38  Robotics Bay  
  100  7:39  Probe  
  100  7:43  Robotics Facility  
  101  7:44  Gateway  
  101  7:48  Gateway  
  101  7:51  Stalker  
  101  7:53  Probe x2  
  105  8:01  Probe  
  105  8:05  Assimilator  
  106  8:07  Sentry, Nexus  
  106  8:08  Pylon x2  
  106  8:10  Pylon  
  106  8:11  Pylon  
  108  8:13  Pylon  
  108  8:17  Immortal  
  108  8:26  Zealot x2  
  108  8:27  Zealot x4  
  120  8:28  Colossus  
  120  8:31  Extended Thermal Lance  
  123  8:38  Pylon  
  123  8:39  Pylon  
  129  8:47  Pylon  
  129  8:49  Zealot  
  129  8:50  Zealot x2  
  129  8:51  Sentry  
  129  8:52  Sentry x2  
  129  8:53  Zealot x4  
  139  9:10  Stalker  
  139  9:13  Stalker x3  
  139  9:14  Stalker  
  149  9:18  Zealot  
  149  9:19  Zealot x2  
  149  9:22  Zealot x2  
  154  9:24  Colossus  
  144  9:36  Immortal  
  120  9:57  Zealot x7  
  120  9:58  Zealot x3  
  140  10:01  Assimilator  
  140  10:03  Protoss Ground Armor Level 3  
  140  10:04  Protoss Ground Weapons Level 3  
  140  10:09  Probe x3  
  140  10:10  Probe  
  144  10:18  Warp Prism  
  146  10:26  Pylon  
  146  10:29  Stalker x3  
  152  10:41  Pylon, Stalker  
  154  10:46  Immortal  
  154  10:47  Colossus, Pylon  
  156  11:03  Stalker x4  
  166  11:04  Zealot  
  168  11:20  Sentry x2, Stalker x3  
  168  11:21  Pylon  
  178  11:30  Pylon  
  178  11:37  Stalker  
  178  11:38  Stalker x2  
  178  11:39  Colossus, Zealot  
  184  11:54  Zealot x5  
  200  12:01  Assimilator  
  200  12:05  Assimilator  
  184  12:08  Pylon  
  148  12:16  Zealot  
  148  12:17  Zealot x4  
  148  12:18  Stalker x4  
  130  12:32  Zealot  
  130  12:33  Immortal  
  134  12:38  Zealot x2  
  134  12:39  Zealot x3  
  136  12:55  Zealot x5  
  142  13:04  Zealot  
  142  13:05  Zealot x4  
  160  13:27  Templar Archives  
Tags
 
Add a new tag
Caveats
  • Supply blocks, unpowered buildings, or Contaminate may cause inaccurate times.
  • Supply counts are checked every 10 seconds.